 Dungeon Crawl Stone Soup version 0.26-a0-660-gc07710193c (webtiles) character file.

Game seed: 1164504813421975959

8026 grandjackal the Eye of the Storm (level 11, -9/89 HPs)
             Began as a Demonspawn Gladiator on Oct 5, 2020.
             Was a Priest of Qazlal.
             Mangled by a death knight
             ... wielding a +0 morningstar
              (14 damage)
             ... on level 10 of the Dungeon.
             The game lasted 00:19:55 (13152 turns).

grandjackal the Eye of the Storm (DsGl)            Turns: 13152, Time: 00:19:56

Health: -9/89      AC: 14    Str: 18    XL:     11   Next: 4%
Magic:  4/18       EV: 13    Int: 19    God:    Qazlal [***...]
Gold:   182        SH:  7    Dex: 14    Spells: 10/10 levels left

rFire    + . .     SeeInvis .   s - +1 war axe (vamp)
rCold    . . .     Faith    .   I - -2 buckler
rNeg     . . .     Spirit   .   W - +0 ring mail "Iweum" {rElec Int+3} (curse)
rPois    +         Reflect  .   c - +0 helmet
rElec    +         Harm     .   (no cloak)
rCorr    .         Rampage  .   H - +2 pair of gloves
MR       .....                  (no boots)
Stlth    +.........             z - amulet of the acrobat
HPRegen  0.24/turn              y - ring of poison resistance
MPRegen  0.16/turn              O - ring of Resaleqeoxa {rF+ Int+6 Stlth+}

@: no status effects
A: hooves 2, iridescent scales 2, demonic guardian 1, powered by death 1
a: Upheaval, Elemental Force, Renounce Religion


You were on level 10 of the Dungeon.
You worshipped Qazlal.
Qazlal was most pleased with you.
You visited 2 branches of the dungeon, and saw 12 of its levels.
You also visited: Sewer.

You collected 798 gold pieces.
You spent 616 gold pieces at shops.

Inventory:

Hand Weapons
 a - a +0 long sword
 i - a +4 whip of venom
 s - a +1 vampiric war axe (weapon)
 G - a +4 trident
Missiles
 A - 2 curare-tipped darts (quivered)
Armour
 c - a +0 helmet (worn)
 H - a +2 pair of gloves (worn)
 I - a -2 buckler (worn)
 W - the cursed +0 ring mail "Iweum" (worn) {rElec Int+3}
   (You found it on level 9 of the Dungeon)

   It affects your intelligence (+3).
   It insulates you from electricity.
   It has a curse placed upon it.
Jewellery
 r - an uncursed ring of resist corrosion
 t - an uncursed ring of see invisible
 y - a ring of poison resistance (left hand)
 z - an amulet of the acrobat (around neck)
 E - an uncursed ring of fire
 N - an uncursed ring of flight
 O - the ring of Resaleqeoxa (right hand) {rF+ Int+6 Stlth+}
   (You bought it in a shop on level 6 of the Dungeon)

   [ring of intelligence]

   It affects your intelligence (+6).
   It protects you from fire.
   It makes you more stealthy.
 X - an uncursed ring of stealth {unknown}
Wands
 p - a wand of digging (4)
 u - a wand of enslavement (20)
 x - a wand of flame (22)
 Q - a wand of acid (10)
 R - a wand of polymorph (20)
 U - a wand of paralysis (11)
 V - a wand of iceblast (8)
Scrolls
 b - 2 scrolls of brand weapon {unknown}
 h - 4 scrolls of enchant armour
 k - 14 scrolls of teleportation
 o - 3 scrolls of amnesia {unknown}
 q - 2 scrolls of remove curse
 v - a scroll of blinking
 w - 2 scrolls of fear
 B - a scroll of silence {unknown}
 C - 4 scrolls of fog {unknown}
 D - 2 scrolls of magic mapping
 F - 2 scrolls of enchant weapon
 L - 3 scrolls of immolation
 M - 2 scrolls of acquirement {unknown}
Potions
 e - 7 potions of curing
 f - a potion of lignification
 g - 7 potions of heal wounds
 j - 2 potions of flight
 l - 2 potions of brilliance
 m - 3 potions of might
 n - 2 potions of mutation
 J - a potion of magic
 P - a potion of haste
 S - 2 potions of stabbing
 Y - a potion of resistance


   Skills:
 + Level 9.0 Fighting
 - Level 3.9 Long Blades
 + Level 7.4 Axes
 - Level 1.7 Throwing
 - Level 3.4 Armour
 - Level 4.1 Dodging
 + Level 6.1 Shields
 + Level 10.3 Invocations


You had 10 spell levels left.
You didn't know any spells.
Your spell library contained the following spells:

 Spells                   Type           Power        Failure   Level
 Magic Dart               Conj           #...         34%         1
 Searing Ray              Conj           #.....       47%         2
 Dazzling Flash           Conj/Hex       #.....       71%         3
 Fulminant Prism          Conj/Hex       #.........   98%         4
 Iskenderun's Mystic Bla  Conj/Tloc      #.......     98%         4


Dungeon Overview and Level Annotations

Branches:
Dungeon (11/15)            Temple (1/1) D:4            Lair (0/6) D:8
  Sewer (visited)
    Orc: D:9-12

Altars:
Elyvilon
Fedhas
Gozag
Kikubaaqudgha
Nemelex Xobeh
Okawaru
Qazlal
Ru
Trog
Wu Jian
Beogh

Shops:
D:4 ?   D:6 **[}!

Annotations:
D:5 3 runed translucent doors, Psyclone's ghost, novice OpCj
D:11 Urug


Innate Abilities, Weirdness & Mutations

You have hoof-like feet.
You are mostly covered in iridescent scales. (AC +4)
A weak demonic guardian rushes to your aid.
You regenerate a little health from kills.


Message History

The death knight hits you but does no damage.
The death knight reflects your damage back at you!
You barely miss the death knight.
The death knight is severely wounded.
The death knight is engulfed in freezing vapours.
The death knight invokes the aid of Yredelemnul against you.
Your body is wracked with pain!
The death knight reflects your damage back at you!
Your ring mail "Iweum" prevents you from hitting the death knight.
Your kick misses the death knight.
The death knight is almost dead.
The death knight is engulfed in freezing vapours.
The death knight hits you with a +0 morningstar!!
* * * LOW HITPOINT WARNING * * *
The death knight reflects your damage back at you!
* * * LOW HITPOINT WARNING * * *
You barely miss the death knight.
The death knight is almost dead.
The death knight hits you with a +0 morningstar!
You die...

...#.................#
...#.####........##..#
...#.# #........##..#
...#.# #........##..#
...#.####........##..#
...#.............##..#
####.................#
...............p.○...#
......[.........@###.#
..........##....○# #.#
..........##.....# #.#
#.........##.....# #.#
..........##.....# #.#
..).......##.....###.#
.....................#
######################


You could see a death knight (reflects damage).

Vanquished Creatures
  A phantasmal warrior (D:11)
  An ugly thing (D:10)
  A deep elf mage (D:9)
  A kobold demonologist (D:9)
  A freezing wraith (D:11)
  A slime creature (D:9)
  A wraith (D:11)
  3 yaks (D:10)
  A human (D:9)
  A vampire mosquito (D:9)
  Grum (D:11)
  A water moccasin (D:8)
  A sky beast (D:7)
  2 orc warriors
  4 ice beasts
  3 ogres
  3 wolves (D:11)
  2 centaurs (D:9)
  An eye of draining (D:11)
  2 phantoms
  A big kobold (D:9)
  2 bullfrogs
  5 scorpions
  9 killer bees
  2 wights (D:8)
  An electric eel (D:8)
  2 howler monkeys
  7 jellies
  2 bullfrog skeletons (D:7)
  3 hounds
  A gnoll shaman (D:9)
  3 orc priests
  4 orc wizards
  A worker ant (D:9)
  A killer bee zombie (D:9)
  A hound zombie (D:8)
  A howler monkey zombie (D:7)
  A worker ant zombie (D:11)
  11 adders
  6 gnolls
  8 river rats
  4 shadow imps
  2 white imps
  11 oozes
  2 adder zombies
  An adder skeleton (D:5)
  4 worms
  4 dart slugs
  2 leopard geckos
  37 orcs
  6 giant cockroaches
  5 goblins
  4 hobgoblins (D:1)
  9 jackals
  2 quokkas
  3 ball pythons
  12 bats
  6 frilled lizards
  A giant cockroach zombie (D:5)
  11 kobolds
  A leopard gecko zombie (D:8)
  12 rats
243 creatures vanquished.

Vanquished Creatures (collateral kills)
  A deep elf mage (D:9)
  A manticore (D:9)
  A shadow (D:9)
  A human (D:9)
  2 ice beasts
  A wolf (D:11)
  A centaur (D:8)
  A big kobold (Sewer)
  3 bullfrogs
  A wight (D:8)
  A hound (D:7)
  An orc wizard (D:9)
  An orc priest (D:6)
  A gnoll (D:6)
  A shadow imp (D:6)
  2 leopard geckos
  An orc (D:9)
  A giant cockroach (D:6)
  A quokka zombie (D:9)
23 creatures vanquished.

Vanquished Creatures (others)
  An ice beast (D:6)
  A gnoll (D:6)
  An orc (D:9)
3 creatures vanquished.

Grand Total: 269 creatures vanquished

Notes
Turn   | Place    | Note
-------+----------+-------------------------------------------
     0 | D:1      | grandjackal the Demonspawn Gladiator began the quest for
                  | the Orb.
     0 | D:1      | Reached XP level 1. HP: 16/16 MP: 1/1
   708 | D:1      | Gained mutation: You have large cloven feet. [demonic
                  | ancestry]
   708 | D:1      | Reached XP level 2. HP: 22/22 MP: 2/2
  1522 | D:2      | Gained mutation: You regenerate a little health from kills.
                  | [demonic ancestry]
  1522 | D:2      | Reached XP level 3. HP: 28/28 MP: 3/3
  2494 | D:3      | Reached XP level 4. HP: 34/34 MP: 4/4
  3123 | D:3      | Gained mutation: A weak demonic guardian rushes to your
                  | aid. [demonic ancestry]
  3123 | D:3      | Reached XP level 5. HP: 19/41 MP: 5/5
  3472 | D:4      | Found a white marble altar of Elyvilon.
  3668 | D:4      | Reached skill level 1 in Axes
  3975 | D:4      | Found Giyqeid's Magic Scroll Shoppe.
  3978 | D:4      | Bought a scroll of teleportation for 30 gold pieces
  3978 | D:4      | Bought a scroll of blinking for 75 gold pieces
  3978 | D:4      | Bought a scroll of fear for 35 gold pieces
  3978 | D:4      | Bought a scroll of identify for 20 gold pieces
  4037 | D:4      | Found a staircase to the Ecumenical Temple.
  4087 | D:4      | Gained mutation: You have hoof-like feet. [demonic
                  | ancestry]
  4087 | D:4      | Reached XP level 6. HP: 45/48 MP: 6/6
  4124 | Temple   | Entered the Ecumenical Temple
  4137 | Temple   | Became a worshipper of Qazlal Stormbringer
  4175 | D:5      | Entered Level 5 of the Dungeon
  4472 | D:5      | Noticed an ice beast
  4482 | D:5      | Killed an ice beast
  4482 | D:5      | Reached skill level 1 in Invocations
  4682 | D:5      | Reached skill level 1 in Armour
  4890 | D:5      | Found a runed translucent gate.
  4891 | D:5      | Found a runed translucent gate.
  4892 | D:5      | Noticed Psyclone's ghost (novice OpCj)
  4897 | D:5      | Found a runed translucent gate.
  5024 | D:5      | Identified the +6 hand axe of Zonlegisyt {protect, MR+++
                  | Str+4}
  5027 | D:5      | Found a roughly hewn altar of Beogh.
  5085 | D:5      | Reached skill level 2 in Invocations
  5428 | D:4      | Bought a scroll of enchant weapon for 75 gold pieces
  5620 | D:4      | Gained mutation: You are partially covered in iridescent
                  | scales. (AC +2) [demonic ancestry]
  5620 | D:4      | Reached XP level 7. HP: 55/55 MP: 8/8
  5854 | D:6      | Found Ucogaph's Assorted Antiques.
  5860 | D:6      | Bought a scroll labeled PUTTUS TOOTEDD for 27 gold pieces
  5882 | D:6      | Found Malentuw's Gadget Shoppe.
  5926 | D:6      | Found Biaque's Distillery.
  5934 | D:6      | Bought a potion of degeneration for 12 gold pieces
  5940 | D:6      | Reached * piety under Qazlal
  5971 | D:6      | Reached skill level 3 in Invocations
  6053 | D:6      | Found a glowing drain.
  6058 | Sewer    | Entered a sewer
  6265 | Sewer    | Reached skill level 5 in Fighting
  6418 | Sewer    | Reached ** piety under Qazlal
  6503 | Sewer    | Reached skill level 4 in Invocations
  6583 | D:6      | Reached XP level 8. HP: 62/62 MP: 11/11
  6675 | D:6      | Found Zitzim's Antique Armour Shop.
  6778 | D:4      | Bought a scroll of remove curse for 30 gold pieces
  6778 | D:4      | Bought a scroll of random uselessness for 10 gold pieces
  6949 | D:6      | Found Otipeuj's Assorted Antiques.
  7600 | D:7      | Reached skill level 5 in Invocations
  8312 | D:8      | Reached skill level 1 in Shields
  8631 | D:8      | Reached skill level 6 in Invocations
  8935 | D:8      | Found a staircase to the Lair.
  9068 | D:8      | Gained mutation: You are mostly covered in iridescent
                  | scales. (AC +4) [demonic ancestry]
  9068 | D:8      | Reached XP level 9. HP: 71/71 MP: 13/13
  9615 | D:6      | Bought a wavering glass ring for 100 gold pieces
  9615 | D:6      | Bought a scroll labeled JUSIEW ERCHOSUM for 20 gold pieces
  9615 | D:6      | Bought a coppery potion for 18 gold pieces
  9616 | D:6      | Identified the ring of Resaleqeoxa {rF+ Int+6 Stlth+} (You
                  | bought it in a shop on level 6 of the Dungeon)
  9864 | D:9      | Noticed a deep elf mage
  9865 | D:9      | Killed a deep elf mage
  9865 | D:9      | Reached skill level 5 in Axes
  9865 | D:9      | Reached skill level 7 in Invocations
  9866 | D:9      | Noticed a kobold demonologist
  9873 | D:9      | Noticed a deep elf mage
  9875 | D:9      | Noticed a red devil
  9881 | D:9      | Killed a kobold demonologist
  9887 | D:9      | Killed a deep elf mage
  9902 | D:9      | Reached *** piety under Qazlal
  9905 | D:9      | Noticed a manticore
  9912 | D:9      | Killed a manticore
  9912 | D:9      | Reached skill level 8 in Invocations
  9928 | D:9      | Reached XP level 10. HP: 47/80 MP: 16/16
 10252 | D:9      | Reached skill level 9 in Invocations
 10293 | D:9      | Got a faintly glowing ring mail
 10304 | D:9      | Identified the cursed +0 ring mail "Iweum" {rElec Int+3}
                  | (You found it on level 9 of the Dungeon)
 10447 | D:9      | Reached skill level 5 in Shields
 10596 | D:9      | Found an iron altar of Okawaru.
 10685 | D:10     | Entered Level 10 of the Dungeon
 10853 | D:10     | Reached **** piety under Qazlal
 11806 | D:4      | Bought a scroll of enchant armour for 75 gold pieces
 11806 | D:4      | Bought a scroll of teleportation for 30 gold pieces
 11806 | D:4      | Bought a scroll of fear for 35 gold pieces
 11885 | D:6      | Bought a dark potion for 24 gold pieces
 12063 | D:11     | Noticed Grum
 12071 | D:11     | Killed Grum
 12085 | D:11     | Noticed Urug
 12091 | D:11     | Noticed a death knight
 12095 | D:11     | Noticed a white ugly thing
 12355 | D:11     | Noticed a skeletal warrior
 12358 | D:10     | HP: 3/82 [phantom (3)]
 12369 | D:10     | Reached skill level 10 in Invocations
 12753 | D:11     | Noticed a phantasmal warrior
 12762 | D:11     | Killed a phantasmal warrior
 12779 | D:10     | HP: 1/82 [white ugly thing (15)]
 12782 | D:10     | Killed a white ugly thing
 12782 | D:10     | Reached XP level 11. HP: 3/89 MP: 11/18
 13137 | D:11     | Noticed a boulder beetle
 13152 | D:10     | Mangled by a death knight

Illustrated notes

Levels and vault maps discovered:
D:1:      dpeg_arrival_arbitrary_b, layout_basic
D:2:      layout_loops_cross
D:3:      layout_basic, amethyst_killhole
D:4:      layout_basic, elyvilon_altar_1, minmay_temple_entry_poolview,
          serial_shops, shop
D:5:      lemuel_upstairs_altar, layout_basic, biasface_ghost_orc_armoury,
          nicolae_ossuary_entry_false_entrances
D:6:      layout_loops_ring, lightli_sewer_entry_pipes, serial_shops, shop,
          shop_fountains, shop, shop, shop, minmay_diced_spiral
D:7:      layout_loops_corners, minmay_misc_feat_pillars
D:8:      layout_basic, lair_entry_dummy
D:9:      minmay_the_grid_plus_closed [minmay_the_grid_tree,
          minmay_the_grid_minigrid_small_alt, minmay_the_grid_minigrid_medium,
          minmay_the_grid_tri_star, minmay_the_grid_prize_inner_circle],
          layout_small_grid, okawaru_humans
D:10:     layout_stronghold, grunt_decor_fettered, feat_on_display
D:11:     layout_rooms, uniq_fannar, uniq_urug, uniq_grum
Temple:   compressed_dpeg_circular_temple

Skill      XL: |  1  2  3  4  5  6  7  8  9 10 |
---------------+-------------------------------+-----
Long Blades    | 3 |  3.9
Dodging        | 3 4 |  4.1
Fighting       | 3 4 5 6 7 9 |  9.0
Axes           | 1 2 3 4 6 7 |  7.4
Invocations    | 2 4 6 8 10 | 10.3
Armour         | 1 2 3 |  3.4
Shields        | 2 4 6 |  6.1
Throwing       | |  1.7

Action                   |  1- 3 |  4- 6 |  7- 9 | 10-12 || total
-------------------------+-------+-------+-------+-------++-------
Melee: Long sword        |    39 |       |       |       ||    39
       Whip              |    61 |   141 |   139 |       ||   341
       Kick              |    17 |    29 |    94 |    56 ||   196
       War axe           |       |       |   179 |   209 ||   388
Throw: Throwing net      |       |       |     1 |     3 ||     4
Invok: Upheaval          |       |       |       |     6 ||     6
       Elemental Force   |       |       |       |     1 ||     1
Evoke: Wand              |       |       |     6 |    10 ||    16
  Use: Scroll            |       |     3 |     6 |     7 ||    16
       Potion            |       |       |     1 |       ||     1
 Stab: Distracted        |       |     1 |     1 |     1 ||     3
       Held in net/web   |       |       |       |     1 ||     1
Armor: Leather armour    |    29 |    22 |    34 |       ||    85
       Ring mail         |       |       |    72 |    72 ||   144
       Skin              |       |       |    17 |       ||    17
Dodge: Dodged            |    83 |    77 |   217 |   123 ||   500
Block: Other             |       |       |    12 |       ||    12
       Buckler           |       |       |    41 |    89 ||   130
       Rpst.: Long sword |    16 |       |       |       ||    16

Table legend: (Time is in decaauts)
 A = Elapsed time spent in this place.
 B = Non-inter-level travel time spent in this place.
 C = Inter-level travel time spent in this place.
 D = Time resting spent in this place.
 E = Time spent auto-exploring this place.
 F = Levels seen in this place.
 G = Mean time per level.
                   A        B        C        D        E       F      G
               +--------+--------+--------+--------+--------+-----+--------+
         Total |  13463 |  12206 |   1257 |   3161 |   6379 |  13 | 1035.6 |
       Dungeon |  12793 |  11548 |   1245 |   3161 |   6338 |  11 | 1163.0 |
        Temple |     25 |     13 |     12 |      0 |      0 |   1 |   25.0 |
         Sewer |    644 |    644 |      0 |      0 |     40 |   1 |  644.0 |
               +--------+--------+--------+--------+--------+-----+--------+

Top non-repeatable levels by time:
    D:10: 2054 daAuts
     D:1: 1474 daAuts
     D:8: 1425 daAuts
     D:7: 1344 daAuts
     D:5: 1343 daAuts
     D:3: 1315 daAuts
     D:4: 1077 daAuts
     D:6: 967 daAuts
     D:9: 957 daAuts
     D:2: 704 daAuts
   Sewer: 644 daAuts
    D:11: 128 daAuts
  Temple: 25 daAuts
